AoeStats
← tily

Nomad

506702754Analyzed
3v3 RM · 18d ago on Sep 14, 2026· 61m 44s· 6 players
Game mode
Random Map
Map size
210×210
Population
200
Speed
Normal
Resources
Standard
Victory
Conquest
Starting age
Dark Age
Ending age
Imperial Age
RankedLock teamsTeams togetherTeam positionsShared explorationLock speedFull tech treeHidden civsTurbo modeCheats
Victory
Defeat
🇪🇸 Persians · Spain
810
+16
🇪🇸 Khitans · Spain
799
+16
🇪🇸 Romans · Spain
705
+19
🇨🇭 Huns · Switzerland
851
-19
🇨🇭 Romans · Switzerland
803
-17
🇸🇰 Armenians · Slovakia
744
-15
BigBoyLevel
8:04 Loom
18:11 Feudal Age
22:31 Castle Age
21:31 Scale Barding Armor
21:37 Forging
22:07 Wheelbarrow
46:44 Imperial Age
47:07 Heavy Rocket Cart
58:19 Medium Warships
57:30 Demolition Ship
58:21 Double-Bit Axe
59:32 Heavy Warships
62:26 Chemistry
61:47 Ballistics
62:32 Bow Saw
Powa
11:15 Loom
14:39 Feudal Age
20:14 Wheelbarrow
21:07 Bloodlines
26:21 Town Watch
29:16 Castle Age
28:07 Scale Barding Armor
27:58 Horse Collar
32:20 Husbandry
31:44 Light Cavalry
33:58 Hand Cart
37:58 Chain Barding Armor
37:49 Forging
37:31 Fletching
39:48 Double-Bit Axe
43:20 Iron Casting
47:11 Imperial Age
48:00 Elite War Elephant
49:10 Conscription
51:04 Plate Barding Armor
51:30 Blast Furnace
JJMartin
20:44 Feudal Age
22:55 Wheelbarrow
22:06 Loom
21:45 Man-at-Arms
28:14 Castle Age
27:35 Forging
27:16 Fletching
29:05 Squires
28:26 Long Swordsman
33:02 Double-Bit Axe
35:03 Bodkin Arrow
38:33 Scale Mail Armor
38:17 Horse Collar
41:07 Scale Barding Armor
41:37 Iron Casting
44:48 Ballistics
47:49 Imperial Age
47:28 Murder Holes
48:40 Bow Saw
52:14 Chemistry
52:15 Ballistas
54:40 Comitatenses
55:28 Clinker Construction
58:14 Shipwright
59:14 Conscription
59:07 Gold Mining
59:57 Careening
60:21 Medium Warships
PEPEroncini
11:33 Loom
14:01 Feudal Age
14:31 Double-Bit Axe
20:56 Wheelbarrow
21:12 Forging
20:57 Man-at-Arms
Tarklow
10:54 Loom
17:07 Feudal Age
18:03 Fishing Lines
20:06 Wheelbarrow
19:20 Double-Bit Axe
25:56 Castle Age
24:19 Fletching
24:29 Padded Archer Armor
26:59 Medium Warships
26:49 Bodkin Arrow
27:10 Leather Archer Armor
26:52 Gillnets
31:37 Clinker Construction
41:10 Imperial Age
39:34 Bow Saw
40:44 Arson
41:00 Squires
41:23 Fervor
41:49 Ballistics
43:53 Pikeman
tily
14:05 Feudal Age
19:22 Castle Age
Connection lost

Rejoining the realm…

Still unreachable

The connection could not be restored.

Session expired

The server has moved on; the page needs a fresh start.